 Dungeon Crawl Stone Soup version 0.18-a0-30-g52c0daa (webtiles) character file.

53 blackbenes the Slasher (level 3, -5/28 HPs)
             Began as a Demonspawn Gladiator on Nov 4, 2015.
             Slain by stevs's ghost (9 damage)
             ... on level 3 of the Dungeon.
             The game lasted 00:09:53 (1557 turns).

blackbenes the Slasher (Demonspawn Gladiator)       Turns: 1557, Time: 00:09:53

Health: -5/28      AC: 11    Str: 16    XL:     3   Next: 64%
Magic:  3/3        EV:  4    Int:  9    God:
Gold:   136        SH:  3    Dex: 13    Spells: 0 memorised, 2 levels left

rFire  . . .     SeeInvis .     a - +0 long sword
rCold  . . .     Clarity  .     x - +0 plate armour
rNeg   . . .     SustAt   .     v - +0 buckler
rPois  .         Gourm    .     c - +0 helmet
rElec  .         Spirit   .     (no cloak)
rCorr  .         Warding  .     (no gloves)
rMut   .         Stasis   .     (no boots)
MR     .....                    (no amulet)
Stlth  ..........               (no ring)
                                (no ring)

@: not resistant to hostile enchantments, extremely unstealthy
A: talons 1, powered by death 1
a: no special abilities


You were on level 3 of the Dungeon.
You were not hungry.

You visited 1 branch of the dungeon, and saw 3 of its levels.

You collected 136 gold pieces.

Inventory:

Hand Weapons
 a - a +0 long sword (weapon)
Missiles
 d - 3 throwing nets (quivered)
 r - 18 bolts of flame
Armour
 b - a +0 leather armour
 c - a +0 helmet (worn)
 k - a +0 scale mail
 v - a +0 buckler (worn)
 x - a +0 plate armour (worn)
Jewellery
 i - a +2 ring of protection {unknown}
Wands
 q - a wand of random effects (22)
Scrolls
 g - 2 scrolls of teleportation {unknown}
 h - 2 scrolls of fear {unknown}
 l - a scroll of immolation {unknown}
 n - a scroll of identify {unknown}
 p - a scroll of enchant armour {unknown}
 s - 2 scrolls of recharging {unknown}
Potions
 f - 3 potions of heal wounds {unknown}
 j - a potion of haste {unknown}
 m - a potion of ambrosia {unknown}
 o - a potion of lignification {unknown}
 t - a potion of degeneration {unknown}
 w - 2 potions of brilliance {unknown}
Comestibles
 e - a bread ration
 u - 3 chunks of flesh
 z - 5 fruits


   Skills:
 + Level 2.4 Fighting
 + Level 3.3 Long Blades
 + Level 1.7 Throwing
 + Level 0.3 Armour
 + Level 3.3 Dodging


You had 2 spell levels left.
You didn't know any spells.

Dungeon Overview and Level Annotations

Branches:
Dungeon (3/15)

Altars:
Cheibriados

Annotations:
D:3 stevs's ghost, amateur OpTm


Innate Abilities, Weirdness & Mutations

You have sharp toenails.
You regenerate a little health from kills.


Message History

You are electrocuted!
Stevs's ghost hits you but does no damage.
You see here 12 gold pieces.
Stevs's ghost hits you.
You closely miss stevs's ghost. Your kick misses stevs's ghost.
Stevs's ghost hits you but does no damage.
You hit stevs's ghost. You claw stevs's ghost.
Stevs's ghost is lightly damaged.
Stevs's ghost hits you.
You closely miss stevs's ghost.
Stevs's ghost is lightly damaged.
Stevs's ghost hits you but does no damage. x2
You are electrocuted!
* * * LOW HITPOINT WARNING * * *
You hit stevs's ghost.
You claw stevs's ghost, but do no damage.
Stevs's ghost is moderately damaged.
Stevs's ghost hits you but does no damage.
You are electrocuted!
You die...

.....# .....# ##..
....(# ##... .....#
....# .....# .##.###
.....########.#....#
...........#..#....#
.........#..>##....#
.......#†..<....@$.#
######.##.......W..#
#.......##....#
####....##....#
#...###....# #...##
#..### #..## ..##
#..# .### #..#


You could see stevs's ghost.

Vanquished Creatures
  An adder (D:2)
  A worm (D:2)
  10 hobgoblins
  4 jackals
  7 kobolds
  A ball python (D:2)
  9 bats
  2 giant cockroaches (D:2)
  4 goblins
  3 rats (D:2)
42 creatures vanquished.

Notes
Turn   | Place    | Note
--------------------------------------------------------------
     0 | D:1      | blackbenes the Demonspawn Gladiator began the quest for the Orb.
     0 | D:1      | Reached XP level 1. HP: 16/16 MP: 1/1
   200 | D:1      | Reached skill level 3 in Dodging
   200 | D:1      | Gained mutation: You regenerate a little health from kills. [demonic ancestry]
   200 | D:1      | Reached XP level 2. HP: 19/22 MP: 2/2
   936 | D:2      | Gained mutation: You have sharp toenails. [demonic ancestry]
   936 | D:2      | Reached XP level 3. HP: 28/28 MP: 3/3
  1059 | D:2      | Found a snail-covered altar of Cheibriados.
  1547 | D:3      | Noticed stevs's ghost (amateur OpTm)
  1557 | D:3      | Slain by stevs's ghost

Vault maps used:
D:1:      mushboom_english_gardens
D:2:      lemuel_round_altar
D:3:      small_statue_intersection, uniq_sigmund

Action                   || total
-------------------------++-------
Melee: Long sword        ||   146
  Eat: Bread ration      ||     1
